 Dungeon Crawl Stone Soup version 0.19.0-16-g73b5abf (webtiles) character file.

821 Ladykiller69 the Chopper (level 8, -2/60 HPs)
             Began as a Formicid Fighter on Nov 10, 2016.
             Was an Initiate of Cheibriados.
             Slain by an orc warrior
             ... wielding a +0 short sword
              (10 damage)
             ... on level 6 of the Dungeon.
             The game lasted 00:13:12 (5755 turns).

Ladykiller69 the Chopper (Formicid Fighter)         Turns: 5755, Time: 00:13:13

Health: -2/60      AC: 11    Str: 21    XL:     8   Next: 16%
Magic:  8/8        EV:  7    Int: 12    God:    Cheibriados [......]
Gold:   283        SH: 10    Dex: 11    Spells: 0 memorised, 7 levels left

rFire  . . .     SeeInvis +     a - +0 war axe
rCold  + . .     Gourm    .     E - +0 chain mail (curse)
rNeg   . . .     Faith    .     c - +0 shield
rPois  .         Spirit   .     (helmet unavailable)
rElec  .         Reflect  .     (no cloak)
rCorr  .         Harm     .     J - +0 pair of gloves
MR     .....                    t - +0 pair of boots (curse)
Stlth  ..........               (no amulet)
                                (no ring)
                                q - ring of protection from cold

@: very slow
A: permanent stasis, dig shafts and tunnels, four strong arms, antennae 3
a: Dig, Shaft Self, Bend Time, Renounce Religion


You were on level 6 of the Dungeon.
You worshipped Cheibriados.
Cheibriados was noncommittal.
You were hungry.

You visited 2 branches of the dungeon, and saw 7 of its levels.

You collected 283 gold pieces.

Inventory:

Hand Weapons
 a - a +0 war axe (weapon)
Missiles
 j - 99 stones (quivered)
 s - 10 tomahawks
Armour
 b - a +0 scale mail
 c - a +0 shield (worn)
 i - a +0 chain mail
 t - a cursed +0 pair of boots (worn)
 E - a cursed +0 chain mail (worn)
 J - a +0 pair of gloves (worn)
Jewellery
 q - a ring of protection from cold (left hand)
Wands
 y - a wand of acid (4/15)
 D - a wand of slowing (20/48)
 H - a wand of enslavement (15/24)
Scrolls
 e - 10 scrolls of identify {unknown}
 g - a scroll of immolation {unknown}
 n - a scroll of enchant weapon {unknown}
 r - 2 scrolls of random uselessness {unknown}
 w - 4 scrolls of remove curse {unknown}
 x - 3 scrolls of fear {unknown}
 z - 2 scrolls of teleportation {unknown}
 C - 2 scrolls of blinking {unknown}
 F - a scroll of amnesia {unknown}
 N - a scroll of torment {unknown}
Potions
 d - 2 potions of might
 h - a potion of ambrosia {unknown}
 k - 2 potions of curing
 m - 2 potions of mutation {unknown}
 o - 2 potions of invisibility {unknown}
 p - 2 potions of lignification {unknown}
 u - a potion of flight {unknown}
 v - 2 potions of berserk rage {unknown}
 A - a potion of resistance {unknown}
 G - a potion of degeneration {unknown}
 K - a potion of heal wounds {unknown}
 L - a potion of haste {unknown}
Comestibles
 f - 8 bread rations
 l - a beef jerky
 B - a meat ration
 I - 4 fruits
 M - 4 chunks of flesh


   Skills:
 - Level 4.0 Fighting
 * Level 6.8 Axes
 - Level 4.0 Armour
 + Level 6.7 Shields


You had 7 spell levels left.
You didn't know any spells.

Dungeon Overview and Level Annotations

Branches:
Dungeon (6/15)             Temple (1/1) D:5

Altars:
Ashenzari
Cheibriados
Dithmenos
Elyvilon
Fedhas
Gozag
Hepliaklqana
Kikubaaqudgha
Makhleb
Nemelex Xobeh
Okawaru
Qazlal
Ru
Sif Muna
Trog
Uskayaw
Vehumet
Xom
Yredelemnul
Zin

Annotations:
D:4 Azzok's ghost, novice GrEE
D:6 2 runed doors


Innate Abilities, Weirdness & Mutations

You are under a permanent stasis effect.
You can dig through walls and to a lower floor.
Your four strong arms can wield two-handed weapons with a shield.
You have a pair of large antennae on your head. (SInv)


Message History

Here: an orc warrior, wielding a short sword and wearing a chain mail The floor.
You slash the orc warrior!
The orc warrior is moderately wounded.
You hear a shout!
You block the orc warrior's attack.
You hear a shout!
You slash the orc warrior!
The orc warrior is severely wounded.
The orc warrior hits you with a short sword.
You hit the orc warrior.
The orc warrior is severely wounded.
The orc warrior hits you with a short sword!
* * * LOW HITPOINT WARNING * * *
The orc warrior hits you with a short sword!
* * * LOW HITPOINT WARNING * * *
It was a potion of curing.
You feel better.
You are feeling hungry.
The orc warrior hits you with a short sword!
You die...

#. #..# ##....
####..... ##@#....##
###o##.....#
#.##{>{.{..#
#..........###.
#####.##...##.....
#.....#...##.{...o
####.......###{.o{oo
##.#..##...#o#.{.{$..
##....####..##..{{#


You could see an orc warrior.

Vanquished Creatures
  A sky beast (D:6)
  An ice beast (D:5)
  An ogre (D:6)
  A centaur (D:5)
  A bullfrog (D:6)
  A howler monkey (D:5)
  3 orc priests
  Terence (D:3)
  An iguana (D:5)
  A howler monkey zombie (D:3)
  6 adders
  2 adder zombies (D:3)
  5 adder skeletons
  5 worms
  2 dart slugs
  A leopard gecko (D:3)
  20 orcs
  4 giant cockroaches
  7 goblins
  10 hobgoblins
  4 jackals
  A quokka (D:3)
  3 ball pythons
  8 bats
  10 frilled lizards
  A jackal skeleton (D:3)
  6 kobolds
  A leopard gecko skeleton (D:4)
  A leopard gecko zombie (D:3)
  10 rats
119 creatures vanquished.

Notes
Turn   | Place    | Note
-------+----------+-------------------------------------------
     0 | D:1      | Ladykiller69 the Formicid Fighter began the quest for the Orb.
     0 | D:1      | Reached XP level 1. HP: 18/18 MP: 1/1
   299 | D:1      | Reached XP level 2. HP: 24/24 MP: 2/2
   806 | D:2      | Reached XP level 3. HP: 25/29 MP: 3/3
  1239 | D:2      | Reached XP level 4. HP: 31/35 MP: 4/4
  2207 | D:3      | Reached XP level 5. HP: 37/42 MP: 5/5
  2284 | D:3      | Found a hazy altar of Hepliaklqana.
  2716 | D:3      | Noticed Terence
  2843 | D:3      | Killed Terence
  2910 | D:3      | Reached XP level 6. HP: 37/48 MP: 6/6
  2960 | D:3      | Reached skill level 5 in Shields
  3626 | D:4      | Noticed Azzok's ghost (novice GrEE)
  4295 | D:4      | Noticed an ogre
  4441 | D:5      | Entered Level 5 of the Dungeon
  4441 | D:5      | Noticed an ice beast
  4460 | D:5      | Killed an ice beast
  4460 | D:5      | Reached skill level 5 in Axes
  4460 | D:5      | Reached XP level 7. HP: 54/54 MP: 7/7
  4489 | D:5      | Found a staircase to the Ecumenical Temple.
  4548 | Temple   | Entered the Ecumenical Temple
  4623 | Temple   | Became a worshipper of Cheibriados the Contemplative
  5004 | D:5      | Found a glowing silver altar of Zin.
  5011 | D:5      | Found a sacrificial altar of Ru.
  5108 | D:5      | Found a white marble altar of Elyvilon.
  5536 | D:6      | Reached XP level 8. HP: 31/60 MP: 8/8
  5735 | D:6      | Found a large runed door.
  5735 | D:6      | Found a large runed door.
  5754 | D:6      | HP: 3/60 [orc warrior/short sword (15)]
  5755 | D:6      | Slain by an orc warrior

Skill      XL: |  1  2  3  4  5  6  7 |
---------------+----------------------+-----
Axes           | 3 4 5 6 |  6.8
Shields        | 4 5 6 |  6.7
Armour         | 4 |  4.0
Fighting       | 4 |  4.0

Action                   |  1- 3 |  4- 6 |  7- 9 || total
-------------------------+-------+-------+-------++-------
Melee: War axe           |    85 |   227 |    82 ||   394
 Abil: Dig               |       |     6 |     5 ||    11
  Use: Potion            |       |       |     1 ||     1
  Eat: Chunk             |     1 |     8 |     5 ||    14
       Pizza             |       |     2 |       ||     2
Armor: Scale mail        |     3 |       |       ||     3
       Chain mail        |    38 |   133 |    37 ||   208
Dodge: Dodged            |    18 |    60 |    22 ||   100
Block: Shield            |    37 |   136 |    62 ||   235
